 Dungeon Crawl Stone Soup version 0.28.0-62-gf88900778d (webtiles) character file.

Game seed: 5399394602524976469

1243 cbfl8 the Cleaver (level 8, -5/103 HPs)
             Began as a Minotaur Berserker on June 27, 2023.
             Was a Priest of Trog.
             Slain by a two-headed ogre
             ... wielding a +0 giant club
              (22 damage)
             ... on level 6 of the Dungeon.
             The game lasted 00:03:54 (4698 turns).

cbfl8 the Cleaver (Minotaur Berserker)              Turns: 4698, Time: 00:03:55

Health: -5/103     AC: 12    Str: 22    XL:     8   Next: 25%
Magic:  7/7        EV:  9    Int:  4    God:    Trog [***...]
Gold:   193        SH:  0    Dex: 12    Spells: 7/7 levels left

rFire   . . .      SeeInvis .   k - +1 war axe
rCold   . . .      Faith    .   (no shield)
rNeg    . . .      Spirit   .   m - +2 chain mail
rPois   .          Reflect  .   (helmet restricted)
rElec   .          Harm     .   (no cloak)
rCorr   .          Rampage  .   (no gloves)
Will    .....                   (no boots)
Stlth   ..........              (no amulet)
HPRegen 0.27/turn               c - ring of flight
MPRegen 0.10/turn               i - +4 ring of slaying

@: berserking, flying, very quick
A: horns 2, retaliatory headbutt
a: Renounce Religion, Berserk, Trog's Hand


You were on level 6 of the Dungeon.
You worshipped Trog.
Trog was most pleased with you.
You visited 1 branch of the dungeon, and saw 6 of its levels.

You collected 193 gold pieces.

Inventory:

Hand Weapons
 k - a +1 war axe (weapon)
Armour
 m - a +2 chain mail (worn)
Jewellery
 c - a ring of flight (left hand)
 i - a +4 ring of slaying (right hand)
Potions
 d - a potion of attraction {unknown}
 e - a potion of lignification {unknown}
 g - a potion of brilliance {unknown}
 h - a potion of curing {unknown}
 j - a potion of resistance {unknown}
 l - a potion of flight {unknown}


   Skills:
 + Level 5.5 Fighting
 + Level 8.1 Axes
 + Level 5.6 Armour
 + Level 3.4 Dodging
 + Level 1.1 Stealth
 * Level 4.1 Evocations


You had 7 spell levels left.
You didn't know any spells.
Your spell library was empty.

Dungeon Overview and Level Annotations

Branches:
Dungeon (6/15)             Temple (0/1) D:4

Altars:
Sif Muna


Innate Abilities, Weirdness & Mutations

You have a pair of horns on your head.
You reflexively headbutt those who attack you in melee.


Message History

The hound barely misses you.
You hit the hound.
The hound is moderately wounded.
The hound bites you but does no damage. x2
A two-headed ogre comes into view. It is wielding two +0 giant clubs.
You hit the hound.
The hound is severely wounded.
The hound bites you but does no damage. The hound bites you.
You miss the hound. You headbutt the hound.
You kill the hound!
Trog accepts your kill.
You see here a hound corpse.
You slash the two-headed ogre! You headbutt the two-headed ogre!
The two-headed ogre is moderately wounded.
The two-headed ogre hits you with a +0 giant club!
The two-headed ogre barely misses you.
You barely miss the two-headed ogre.
The two-headed ogre is moderately wounded.
The two-headed ogre barely misses you. You furiously retaliate!
You headbutt the two-headed ogre!
The two-headed ogre hits you with a +0 giant club!
You hit the two-headed ogre.
Your headbutt misses the two-headed ogre.
The two-headed ogre is heavily wounded.
The two-headed ogre hits you with a +0 giant club!!
The two-headed ogre barely misses you.
You are too injured to fight recklessly!
You hit the two-headed ogre.
The two-headed ogre is heavily wounded.
The two-headed ogre closely misses you.
The two-headed ogre hits you with a +0 giant club!
* * * LOW HITPOINT WARNING * * *
A red film seems to cover your vision as you go berserk!
You feel yourself moving faster!
You feel mighty!
You slice the two-headed ogre!!
The two-headed ogre is almost dead.
The two-headed ogre hits you with a +0 giant club!
* * * LOW HITPOINT WARNING * * *
The two-headed ogre hits you with a +0 giant club!!
You die...

### .. #.. ..
##.# .# #...
.. #..# .# #
#..# .##.##.
#..###.......
#...†@O...#
#.#########
###>######
#........#
#.#.####.#
#.#.#.##.# #
#....#.##
#.......+
##...#.##


You could see a two-headed ogre.

Vanquished Creatures
  Edmund (D:4)
  A sky beast (D:5)
  A black bear (D:4)
  2 necrophages
  A phantom (D:5)
  2 scorpions (D:5)
  A centaur zombie (D:5)
  4 hounds
  2 orc priests
  A bullfrog skeleton (D:4)
  2 iguanas
  A scorpion zombie (D:5)
  2 orc wizards (D:5)
  A hound zombie (D:5)
  4 gnolls (D:3)
  5 adders
  2 ufetubi
  2 adder skeletons (D:4)
  2 worms (D:2)
  2 dart slugs
  23 orcs
  8 bats
  6 endoplasms
  2 giant cockroaches (D:3)
  7 goblins
  5 hobgoblins
  4 kobolds
  2 quokkas
  7 ball pythons
  3 frilled lizards
  2 rats (D:1)
108 creatures vanquished.

Notes
Turn   | Place    | Note
-------+----------+-------------------------------------------
     0 | D:1      | cbfl8 the Minotaur Berserker began the quest for the Orb.
     0 | D:1      | Reached XP level 1. HP: 19/19 MP: 0/0
   199 | D:1      | Reached skill level 1 in Evocations
   313 | D:1      | Reached XP level 2. HP: 18/27 MP: 1/1
  1091 | D:2      | Identified the +4 dagger of Somp {flame, rElec}
  1185 | D:2      | Reached XP level 3. HP: 33/33 MP: 2/2
  1202 | D:2      | Reached skill level 4 in Axes
  1265 | D:2      | Found a faded altar of an unknown god.
  1274 | D:2      | Reached ** piety under Trog
  1561 | D:2      | Reached XP level 4. HP: 40/40 MP: 3/3
  2405 | D:3      | Reached XP level 5. HP: 46/46 MP: 4/4
  2659 | D:4      | Reached skill level 5 in Axes
  2922 | D:4      | Reached *** piety under Trog
  2983 | D:4      | Found a staircase to the Ecumenical Temple.
  3090 | D:4      | Noticed Edmund
  3090 | D:4      | Noticed a black bear
  3097 | D:4      | Killed a black bear
  3098 | D:4      | Reached XP level 6. HP: 39/53 MP: 5/5
  3098 | D:4      | Killed Edmund
  3361 | D:4      | Reached skill level 6 in Axes
  3361 | D:4      | Reached XP level 7. HP: 59/60 MP: 6/6
  3508 | D:4      | Reached skill level 5 in Armour
  3843 | D:5      | Entered Level 5 of the Dungeon
  3857 | D:5      | Reached skill level 5 in Fighting
  3921 | D:5      | Found a shimmering blue altar of Sif Muna.
  3931 | D:5      | Reached skill level 7 in Axes
  4096 | D:5      | Reached XP level 8. HP: 68/68 MP: 7/7
  4329 | D:5      | Reached skill level 8 in Axes
  4558 | D:6      | Reached skill level 1 in Stealth
  4688 | D:6      | Noticed a two-headed ogre
  4698 | D:6      | Slain by a two-headed ogre

Illustrated notes

Levels and vault maps discovered:
D:1:      eino_arrival_cavern_a, layout_loops_cross, serial_bayou_pond_e,
          minmay_pentomino_u2
D:2:      layout_loops_ring, hellmonk_ecumenical_altar_blasted
D:3:      layout_loops_cross, mrwooster_statue_mirror
D:4:      layout_loops_ring, minmay_temple_entry_junction, grunt_decor_fettered,
          uniq_edmund
D:5:      layout_cave_pools, overflow_temple_1_default
D:6:      layout_loops_corners, gup_sewer_entry_pipe, uniq_menkaure, uniq_pikel

Skill      XL: |  1  2  3  4  5  6  7  8 |
---------------+-------------------------+-----
Evocations     | 1 2 3 4 |  4.1
Fighting       | 4 5 |  5.5
Axes           | 4 5 6 7 8 |  8.1
Armour         | 3 4 5 |  5.6
Dodging        | 3 |  3.4
Stealth        | 1 |  1.1

Action                   |  1- 3 |  4- 6 |  7- 9 || total
-------------------------+-------+-------+-------++-------
Melee: Hand axe          |    68 |    80 |       ||   148
       Headbutt          |     7 |     9 |    14 ||    30
       Punch             |       |     1 |     1 ||     2
       War axe           |       |    16 |    58 ||    74
Invok: Berserk           |       |     2 |     1 ||     3
  Use: Scroll            |     2 |     2 |     5 ||     9
Armor: Animal skin       |     6 |       |       ||     6
       Scale mail        |    19 |    46 |       ||    65
       Chain mail        |       |       |    30 ||    30
Dodge: Dodged            |    43 |    56 |    24 ||   123
